 Dungeon Crawl Stone Soup version 0.18-a0-1160-geb89fc2 (webtiles) character file.

102 M4edhros the Sneak (level 4, 0/28 HPs)
             Began as an Octopode Artificer on Jan 24, 2016.
             Was an Initiate of Okawaru.
             Slain by a gnoll
             ... wielding a +2 spear of chaos
              (1 damage)
             ... on level 2 of the Dungeon.
             The game lasted 00:01:39 (1092 turns).

M4edhros the Sneak (Octopode Artificer)             Turns: 1092, Time: 00:01:39

Health: 0/28       AC:  1    Str: 10    XL:     4   Next: 77%
Magic:  15/15      EV: 12    Int: 15    God:    Okawaru [......]
Gold:   67         SH:  0    Dex: 12    Spells: 0 memorised, 3 levels left

rFire  . . .     SeeInvis +     o - +0 rapier
rCold  . . .     Gourm    .     (no shield)
rNeg   . . .     Faith    .     (helmet restricted)
rPois  +         Spirit   .     (no amulet)
rElec  .         Dismiss  .     m - ring of poison resistance
rCorr  .         Reflect  .     n - ring of protection from magic
SustAt .         Harm     .     s - ring of see invisible
MR     +....                    t - ring of magical power
Stlth  ++++......               (no ring)
                                (no ring)
                                (no ring)
                                (no ring)

@: drained, somewhat resistant to hostile enchantments, stealthy
A: almost no armour, amphibious, 8 rings, constrict 8, camouflage 1, gelatinous
body 1
a: Renounce Religion


You were on level 2 of the Dungeon.
You worshipped Okawaru.
Okawaru was noncommittal.
You were hungry.

You visited 1 branch of the dungeon, and saw 3 of its levels.

You collected 67 gold pieces.

Inventory:

Hand Weapons
 o - a +0 rapier (weapon)
Missiles
 r - 27 sling bullets
Jewellery
 m - a ring of poison resistance (left tentacle)
 n - a ring of protection from magic (right tentacle)
 s - a ring of see invisible (on tentacle)
 t - a ring of magical power (on tentacle)
Wands
 b - a wand of flame (15/48)
 c - a wand of enslavement (15/24)
 d - a wand of random effects (15/48)
Scrolls
 a - a scroll of fear {unknown}
 e - a scroll of identify {unknown}
 g - 2 scrolls of enchant weapon {unknown}
 h - a scroll of random uselessness {unknown}
 k - 2 scrolls of remove curse {unknown}
Potions
 j - a potion of ambrosia {unknown}
 l - a potion of resistance {unknown}
 q - 2 potions of mutation {unknown}
Comestibles
 f - 3 bread rations
 i - a slice of pizza
 p - a meat ration


   Skills:
 - Level 1.0(0.4) Fighting
 - Level 1.0(0.4) Short Blades
 * Level 3.2(2.6) Dodging
 * Level 4.3(3.7) Stealth
 + Level 3.8(3.2) Evocations


You had 3 spell levels left.
You didn't know any spells.

Dungeon Overview and Level Annotations

Branches:
Dungeon (3/15)

Altars:
Nemelex Xobeh
Okawaru
Trog


Innate Abilities, Weirdness & Mutations

You cannot wear most types of armour.
You are amphibious.
You can wear up to eight rings at the same time.
You can use your tentacles to constrict eight enemies at once.
Your skin changes colour to match your surroundings (Stealth).
Your rubbery body absorbs attacks (AC +1).


Message History

There is a fountain of sparkling water here.
There are monsters nearby!
The gnoll shouts! x2
You hit the gnoll. Your grab misses the gnoll.
The gnoll is moderately wounded.
The gnoll barely misses you.
The gnoll hits you with a spear of chaos!
You feel drained.
There are monsters nearby!
You hit the gnoll. You grab the gnoll.
The gnoll is moderately wounded.
You constrict the gnoll, but do no damage.
The gnoll hits you with a spear of chaos.
* * * LOW HITPOINT WARNING * * *
The gnoll freezes you.
* * * LOW HITPOINT WARNING * * *
The gnoll hits you from afar with a spear of chaos.
* * * LOW HITPOINT WARNING * * *
You feel drained.
You die...

##########
##........#
##..######.######
##..##≈.≈.#@≈.≈.≈#
#..##≈§$..g..≈#$..#
#.###§≈#≈#.g≈## ##
#.# .§≈g#.≈≈.. #)#
.≈.gg.#.⌠.# #.#
§.⌠#.....#§ ######.#
#..≈≈≈≈...≈#
.......##.#≈..§...#≈#
........##


You could see 5 gnolls.

Vanquished Creatures
  A water moccasin skeleton (D:3)
  3 adders (D:2)
  2 worms
  A giant gecko (D:3)
  A goblin (D:3)
  5 hobgoblins
  A ball python (D:2)
  6 bats
  2 giant newts
  2 kobolds
  2 rats
26 creatures vanquished.

Notes
Turn   | Place    | Note
--------------------------------------------------------------
     0 | D:1      | M4edhros the Octopode Artificer began the quest for the Orb.
     0 | D:1      | Reached XP level 1. HP: 13/13 MP: 3/3
   163 | D:1      | Found a sparkling altar of Nemelex Xobeh.
   318 | D:2      | Reached XP level 2. HP: 13/18 MP: 4/4
   483 | D:2      | Reached XP level 3. HP: 19/23 MP: 5/5
   696 | D:3      | Reached XP level 4. HP: 10/28 MP: 6/6
   924 | D:3      | Reached skill level 4 in Stealth
   931 | D:3      | Found an iron altar of Okawaru.
   932 | D:3      | Found a bloodstained altar of Trog.
   958 | D:3      | Became a worshipper of Warmaster Okawaru
  1092 | D:2      | HP: 1/28 [gnoll/spear of chaos (5)]
  1092 | D:2      | Slain by a gnoll

Vault maps used:
D:1:      tarquinn_simple_flora_water_c, nemelex_xobeh_ov_fountains_minmay
D:2:      zin_scriptorium, tgw_xom
D:3:      minitemple, uniq_grinder

Action                   |  1- 3 |  4- 6 || total
-------------------------+-------+-------++-------
Melee: Short sword       |    30 |       ||    30
       Rapier            |    11 |    15 ||    26
 Stab: Sleeping          |     7 |     2 ||     9
